 Dungeon Crawl Stone Soup version 0.31-a0-986-g5e6e4ef867 (webtiles) character file.

Game seed: 3419772477218341738

725 lunkers the Grappler (level 8, -7/59 HPs)
             Began as a Meteoran Shapeshifter on Nov 7, 2023.
             Was a Follower of Okawaru.
             Mangled by a gnoll sergeant
             ... wielding a +0 trident of distortion
              (25 damage)
             ... on level 6 of the Dungeon.
             The game lasted 00:04:43 (1782 turns).

lunkers the Grappler (Meteoran Shapeshifter)        Turns: 1782, Time: 00:04:43

Health: -7/59      AC:  8    Str: 17    XL:     8   Next: 23%
Magic:  7/9        EV: 12    Int: 11    God:    Okawaru [*.....]
Gold:   100        SH:  0    Dex: 15    Spells: 7/7 levels left

rFire   . .          .
                       - Unarmed
rCold   . . .        (no shield)
rNeg    . . .        f - +1 scale mail
rPois   .            (helmet currently unavailable)
rElec   .            (cloak currently unavailable)
rCorr   .            (gloves currently unavailable)
SInv    .            (boots currently unavailable)
Will    +....        (no amulet)
Stlth   +            (no ring)
HPRegen 0.29/turn    (no ring)
MPRegen 0.11/turn

%: no passive effects
@: beast-form, heroic, glowing
A: beast (slay +3), sense surroundings 1, otherworldly, glowing, explore regen
a: Begin Untransformation, Renounce Religion, Heroism


You were on level 6 of the Dungeon.
You worshipped Okawaru.
Okawaru was aware of your devotion.
You were a hulking beast.
You visited 1 branch of the dungeon, and saw 6 of its levels.

You collected 100 gold pieces.

Inventory:

Armour
 a - a +0 cloak
 f - a +1 scale mail (worn)
 j - a +0 pair of gloves
Jewellery
 u - a ring of ice
Talismans
 c - a beast talisman
 d - a flux talisman
Wands
 o - a wand of polymorph (15)
Scrolls
 g - a scroll of silence {unknown}
 h - 2 scrolls of teleportation {unknown}
 m - a scroll of identify {unknown}
 n - a scroll of revelation {unknown}
 p - a scroll of vulnerability {unknown}
 r - 3 scrolls of blinking {unknown}
 y - a scroll of fog
Potions
 b - a potion of lignification
 e - a potion of brilliance {unknown}
 i - a potion of invisibility {unknown}
 k - a potion of haste {unknown}
 l - a potion of cancellation {unknown}
 q - 2 potions of curing {unknown}
 s - a potion of berserk rage {unknown}
 t - a potion of attraction {unknown}
 v - a potion of magic {unknown}
 w - a potion of degeneration {unknown}
 x - a potion of mutation {unknown}
 z - a potion of might {unknown}


   Skills:
 - Level 1.1(6.1) Fighting
 - Level 2.1(7.1) Dodging
 * Level 8.9(13.9) Unarmed Combat
 + Level 6.4 Shapeshifting


You had 7 spell levels left.
You didn't know any spells.
Your spell library contained the following spells:

 Spells                   Type           Power      Damage    Failure   Level
 Apportation              Tloc           0%         N/A       73%         1
 Necrotise                Necr           0%         1d4       73%         1
 Jinxbite                 Hex            0%         N/A       86%         2
 Vampiric Draining        Necr           0%         2d6       97%         3
 Agony                    Necr           0%         N/A       100%        5
 Alistair's Intoxication  Tmut/Pois      0%         N/A       100%        5


Dungeon Overview and Level Annotations

Branches:
Dungeon (6/15) Zot: 1832   Temple (0/1) D:4

Altars:
Ashenzari
Dithmenos
Makhleb
Okawaru
Qazlal
Uskayaw
Xom

Shops:
D:3 [(


Innate Abilities, Weirdness & Mutations

You are a hulking beast.
Your limbs bulge with bestial killing power. (Slay +3)
You passively map a small area around you.
You are easily found by Zot.
You glow in the dark.
You regain HP and MP as you explore.


Message History

There is an entrance to a sewer on this level.
Hurry and find it before the portal rusts away!
The black bear growls angrily.
There is a stone staircase leading up here.
A black bear is nearby!
A black bear is nearby!
You are too injured to fight recklessly!
You are too injured to fight recklessly!
You are too injured to fight recklessly!
You are too injured to fight recklessly!
The black bear closely misses you. The black bear barely misses you.
The black bear misses you.
You punch the black bear!
The black bear is heavily wounded.
You hit the black bear.
The black bear is severely wounded.
The black bear barely misses you. The black bear claws you.
* * * LOW HITPOINT WARNING * * *
The black bear claws you but does no damage.
You punch the black bear!
You kill the black bear!
Okawaru accepts your kill.
You can now gain great but temporary skills.
Unknown command.
Unknown command.
A gnoll sergeant comes into view.
It is wielding a +0 trident of distortion.
The gnoll sergeant shouts!
The gnoll sergeant hits you but does no damage.
Space warps around you.
* * * LOW HITPOINT WARNING * * *
The gnoll sergeant hits you but does no damage.
Space warps around you!
* * * LOW HITPOINT WARNING * * *
You gain the combat prowess of a mighty hero.
The gnoll sergeant closely misses you.
Unknown command.
You hit the gnoll sergeant but do no damage.
The gnoll sergeant hits you with a +0 trident of distortion!
* * * LOW HITPOINT WARNING * * *
Space warps horribly around you!!
You die...

, , , * * ,
, * *,* *
*, *, , * *
,, ,
,######## *
#.#......#
#..gh..#.#,
###.##.#.#
#. ..#.# *
* ######.#
* , #.# *
#<#, * ###
, , * * ***
*


You could see a gnoll sergeant.

Vanquished Creatures
  A water moccasin (D:5)
  A black bear (D:6)
  2 ogres
  A scorpion (D:5)
  3 hounds
  2 orc priests (D:5)
  8 gnolls
  4 adders
  A white imp (D:5)
  A worm (D:3)
  6 orcs
  2 bats
  4 endoplasms
  3 giant cockroaches
  A goblin (D:2)
  5 hobgoblins
  2 quokkas
  6 ball pythons
  2 frilled lizards
  5 kobolds
  A rat (D:1)
61 creatures vanquished.

Notes
Turn   | Place    | Note
-------+----------+-------------------------------------------
     0 | D:1      | lunkers the Meteoran Shapeshifter began the quest for the
                  | Orb.
     0 | D:1      | Reached XP level 1. HP: 16/16 MP: 2/2
   316 | D:1      | Reached XP level 2. HP: 22/23 MP: 3/3
   339 | D:2      | Reached skill level 4 in Unarmed Combat
   408 | D:2      | Reached XP level 3. HP: 18/28 MP: 4/4
   466 | D:2      | Found a faded altar of an unknown god.
   650 | D:3      | Reached skill level 5 in Unarmed Combat
   650 | D:3      | Reached XP level 4. HP: 32/35 MP: 5/5
   651 | D:3      | Found Tidifeo's Antique Armour Shop.
   714 | D:3      | Reached XP level 5. HP: 22/40 MP: 6/6
   885 | D:3      | Found Fiecat's Weapon Boutique.
  1206 | D:4      | Found a hide-covered altar of Uskayaw.
  1206 | D:4      | Found a broken altar of Ashenzari.
  1206 | D:4      | Found a burning altar of Makhleb.
  1206 | D:4      | Found a stormy altar of Qazlal.
  1206 | D:4      | Noticed an ogre
  1214 | D:4      | Killed an ogre
  1215 | D:4      | Reached skill level 6 in Unarmed Combat
  1215 | D:4      | Reached skill level 5 in Shapeshifting
  1215 | D:4      | Reached XP level 6. HP: 21/47 MP: 7/7
  1218 | D:4      | You fall into a shaft and drop 1 floor!
  1218 | D:5      | Entered Level 5 of the Dungeon
  1239 | D:5      | Noticed a water moccasin
  1253 | D:5      | Reached skill level 7 in Unarmed Combat
  1261 | D:5      | Killed a water moccasin
  1262 | D:5      | Reached XP level 7. HP: 26/52 MP: 8/8
  1382 | D:4      | Found an iron altar of Okawaru.
  1382 | D:4      | Found a shimmering altar of Xom.
  1383 | D:4      | Found a shadowy altar of Dithmenos.
  1405 | D:4      | Became a worshipper of Warmaster Okawaru
  1499 | D:4      | Found a staircase to the Ecumenical Temple.
  1548 | D:5      | Reached skill level 8 in Unarmed Combat
  1757 | D:5      | Reached XP level 8. HP: 24/59 MP: 9/9
  1773 | D:6      | Reached * piety under Okawaru
  1782 | D:6      | Mangled by a gnoll sergeant

Illustrated notes

Levels and vault maps discovered:
D:1:      saegor_arrival_simple_e, layout_loops_ring
D:2:      layout_basic, shapermc_ecumenical_altar_hornbeckon
D:3:      layout_basic, serial_shops, nicolae_shop_peninsula,
          nicolae_shop_bloodbath_and_beyond
D:4:      layout_basic, minmay_overflow_temple_hex,
          chequers_temple_overflow_statue_of_worship,
          minmay_temple_entry_enclosed_plants, nicolae_grassy_gnolls
D:5:      layout_loops_corners, nicolae_overflow_crystal_walls,
          mrwooster_statue_mirror
D:6:      layout_basic, gup_sewer_entry_glass

Skill      XL: |  1  2  3  4  5  6  7 |
---------------+----------------------+-----
Unarmed Combat | 4 5 6 7 8 |  8.9
Shapeshifting  | 4 5 6 |  6.4
Fighting       | |  1.1
Dodging        | |  2.1

Action                     |  1- 3 |  4- 6 |  7- 9 || total
---------------------------+-------+-------+-------++-------
  Melee: Unarmed           |    54 |    81 |    50 ||   185
         Punch             |     1 |       |       ||     1
 Invoke: Heroism           |       |       |     1 ||     1
    Use: Scroll            |     4 |       |       ||     4
         Potion            |       |     1 |       ||     1
 Armour: Scale mail        |    40 |    47 |    24 ||   111
         Skin              |       |    15 |       ||    15
  Dodge: Dodged            |    25 |    36 |    23 ||    84

Table legend: (Time is in decaauts)
 A = Elapsed time spent in this place.
 B = Non-inter-level travel time spent in this place.
 C = Inter-level travel time spent in this place.
 D = Time resting spent in this place.
 E = Time spent auto-exploring this place.
 F = Levels seen in this place.
 G = Mean time per level.
                   A        B        C        D        E       F      G
               +--------+--------+--------+--------+--------+-----+--------+
         Total |   1767 |   1686 |     81 |     37 |   1112 |   6 |  294.5 |
       Dungeon |   1767 |   1686 |     81 |     37 |   1112 |   6 |  294.5 |
               +--------+--------+--------+--------+--------+-----+--------+

Top non-repeatable levels by time:
     D:4: 448 daAuts
     D:3: 378 daAuts
     D:5: 342 daAuts
     D:1: 328 daAuts
     D:2: 255 daAuts
     D:6: 14 daAuts
